 Dungeon Crawl Stone Soup version 0.31-a0-210-gccc998df9b (webtiles) character file.

Game seed: 3384484438329310379

135 qw the Shooter (level 5, -1/30 HPs)
             Began as a Gargoyle Hexslinger on June 29, 2023.
             Frozen to death by an endoplasm (5 damage)
             ... on level 3 of the Dungeon.
             The game lasted 00:00:56 (2490 turns).

qw the Shooter (Gargoyle Hexslinger)                Turns: 2490, Time: 00:00:57

Health: -1/30      AC: 14    Str: 12    XL:     5   Next: 18%
Magic:  6/6        EV: 10    Int: 13    God:
Gold:   87         SH:  0    Dex: 18    Spells: 5/6 levels left

rFire   . . .        Y - +1 sling
rCold   . . .        (no shield)
rNeg    + + .        l - +0 ring mail
rPois   inf          d - +0 helmet {SInv}
rElec   +            (no cloak)
rCorr   .            g - +1 pair of gloves
SInv    +            f - +1 pair of boots {Stlth+}
Will    .....        i - amulet of faith
Stlth   +++          j - ring "Idych" {rN+ Dex+4 Stlth+}
HPRegen 0.25/turn    (no ring)
MPRegen 0.10/turn

%: faith
@: no status effects
A: sickness immunity, AC +4, negative energy resistance 1, electricity
resistance, torment resistance 1, petrification resistance
a: no special abilities


You were on level 3 of the Dungeon.
You visited 1 branch of the dungeon, and saw 4 of its levels.

You collected 87 gold pieces.


Innate Abilities, Weirdness & Mutations

You are immune to sickness and miasma.
Your stone body is resilient. (AC +4)
You are immune to poison.
You resist negative energy. (rN+)
You are resistant to electric shocks. (rElec)
You are resistant to unholy torment.
You are immune to petrification.


   Skills:
 - Level 2.0 Fighting
 + Level 4.7 Ranged Weapons
 - Level 1.2 Armour
 - Level 1.5 Dodging
 - Level 1.0 Spellcasting
 - Level 2.6 Hexes


You had 5 spell levels left.
You knew the following spells:

 Your Spells              Type           Power      Damage    Failure   Level
a - Slow                  Hex            28%        N/A       22%         1

Your spell library contained the following spells:

 Spells                   Type           Power      Damage    Failure   Level
 Inner Flame              Hex/Fire       4%         N/A       73%         3
 Portal Projectile        Hex/Tloc       8%         N/A       73%         3
 Cause Fear               Hex            3%         N/A       91%         4

Inventory:

Hand Weapons
 Y - a +1 sling (weapon)
Armour
 d - a +0 helmet of see invisible (worn)
 f - a +1 pair of boots of stealth (worn)
 g - a +1 pair of gloves (worn)
 l - a +0 ring mail (worn)
Jewellery
 i - an amulet of faith (around neck)
 j - the ring "Idych" (left hand) {rN+ Dex+4 Stlth+}
   (You found it on level 3 of the Dungeon)

   [ring of positive energy]

   Dex:       It affects your dexterity (+4).
   rN:        It protects you from negative energy.
   Stlth:     It makes you more stealthy.
 m - an amulet of reflection
Scrolls
 e - a scroll of identify
Potions
 b - a potion of enlightenment
 c - a potion of might
 h - 2 potions of cancellation
 n - 2 potions of curing

Dungeon Overview and Level Annotations

Branches:
Dungeon (4/15)
 Temple: D:4-7

Altars:

Annotations:
D:3 Pikel


Message History

Enter note:
Enter note:
Enter note:
Enter note:
Enter note:
Enter note:
Enter note:
Enter note:
Enter note: You shoot a sling bullet.
The sling bullet closely misses the lemure.
Pikel barely misses you. The lemure hits you but does no damage.
The endoplasm freezes you.
You are frozen.
Pikel closely misses you. The lemure hits you.
The endoplasm closely misses you.
You shoot a sling bullet. The sling bullet hits the lemure.
The lemure is heavily wounded.
Pikel hits you but does no damage. The lemure hits you but does no damage.
The endoplasm freezes you.
You are frozen.
You shoot a sling bullet.
The sling bullet barely misses the lemure.
Pikel hits you with a +2 whip of freezing.
Pikel freezes you. The lemure hits you but does no damage.
The endoplasm hits you but does no damage.
You shoot a sling bullet.
The sling bullet hits the lemure but does no damage.
The lemure is heavily wounded.
Pikel hits you with a +2 whip of freezing.
Pikel freezes you. The lemure hits you but does no damage.
The endoplasm barely misses you.
You shoot a sling bullet.
The sling bullet closely misses the lemure.
Pikel says, "You'll make a fine lemure."
Pikel hits you but does no damage. The lemure completely misses you.
The endoplasm freezes you.
You are frozen.
Pikel closely misses you. The lemure barely misses you.
The endoplasm freezes you.
You are frozen.
You die...

######.##......# #.##....# #. #
#.....###'## #.##'##.# ##' ##
####...#...# #.#...#.# ##.. .##
###..'.7.#####[7...# ##... ..##
##.#.##....# #....#####....
...####....###...###...#####.....
...'.........#....#....#...'.....
...####....####..K....##.###.....
..## #........#.@57.<.##.# ##....
.## #.###.####J......##.# ##...
## #.###.# #....#....#.# ##.. #
#.....###...###...### ##'
#.######....# #....#### #.
#........7.#####.7.'..# #. #
#.######...# #.#...##.#####. ##
#.# ##'####.##+##........ .# #.#
#....#.#..##.####...


You could see Pikel, a lemure and an endoplasm.

Vanquished Creatures
  7 adders
  2 worms
  A dart slug (D:2)
  5 bats
  4 endoplasms
  4 giant cockroaches
  4 goblins
  5 hobgoblins
  9 jackals
  A quokka (D:2)
  8 ball pythons
  A frilled lizard (D:1)
  9 kobolds
  4 rats
64 creatures vanquished.

Notes
Turn   | Place    | Note
-------+----------+-------------------------------------------
     0 | D:1      | qw the Gargoyle Hexslinger began the quest for the Orb.
     0 | D:1      | Reached XP level 1. HP: 12/12 MP: 2/2
     0 | D:1      | 0 ||| qw: Version: 0.3-a-24-ga2abf7b
     0 | D:1      | 0 ||| qw: Game counter: 7026
     0 | D:1      | 0 ||| qw: Melee chars always use a shield: true
     0 | D:1      | 0 ||| qw: God list: Okawaru
     0 | D:1      | 0 ||| qw: Allow faded altars: false
     0 | D:1      | 0 ||| qw: Do Orc after clearing Dungeon:15 true
     0 | D:1      | 0 ||| qw: Do second Lair branch before Depths: true
     0 | D:1      | 0 ||| qw: Lair rune preference: random
     0 | D:1      | 0 ||| qw: Goals: Normal
     0 | D:1      | 0 ||| PLANNING D:1-11
   154 | D:1      | Reached XP level 2. HP: 16/16 MP: 3/3
   294 | D:1      | Reached skill level 3 in Ranged Weapons
   474 | D:1      | Reached XP level 3. HP: 20/21 MP: 4/4
   643 | D:1      | 643 ||| UPGRADING to +1 pair of gloves.
   648 | D:1      | 648 ||| UPGRADING to +0 ring mail.
   658 | D:1      | 658 ||| DROPPING +0 robe.
   659 | D:1      | 659 ||| UPGRADING to amulet of faith.
   664 | D:1      | 664 ||| READING scroll labelled WINEATAVOSU.
   665 | D:1      | 665 ||| READING 2 scrolls labelled YGABBA BAOCIRPH.
   666 | D:1      | 666 ||| READING scroll labelled MAULAWUAHI.
   667 | D:1      | 667 ||| READING scroll labelled YDECWIRUSCH.
   668 | D:1      | 668 ||| DROPPING scroll of poison.
   725 | D:2      | Reached skill level 1 in Armour
   823 | D:2      | Reached XP level 4. HP: 26/26 MP: 5/5
  1478 | D:2      | Found a faded altar of an unknown god.
  1534 | D:2      | Reached skill level 4 in Ranged Weapons
  1571 | D:2      | 1571 ||| UPGRADING to +1 pair of boots of stealth.
  1576 | D:2      | 1576 ||| READING scroll labelled YWEECW QIEHU.
  1580 | D:2      | 1580 ||| READING scroll labelled GAUBBO YLLO.
  1581 | D:2      | 1581 ||| DRINKING 2 pink potions.
  1582 | D:2      | 1582 ||| DRINKING 2 coppery potions.
  1583 | D:2      | 1583 ||| READING 4 scrolls of identify.
  1583 | D:2      | 1583 ||| IDENTIFYING fizzy white potion
  1584 | D:2      | 1584 ||| READING 3 scrolls of identify.
  1584 | D:2      | 1584 ||| IDENTIFYING smoky amethyst potion
  1585 | D:2      | 1585 ||| READING 2 scrolls of identify.
  1585 | D:2      | 1585 ||| IDENTIFYING yellow potion
  1586 | D:2      | 1586 ||| DROPPING potion of brilliance.
  2054 | D:3      | Identified the ring "Idych" {rN+ Dex+4 Stlth+}
  2065 | D:3      | Reached XP level 5. HP: 30/30 MP: 6/6
  2446 | D:3      | 2446 ||| UPGRADING to +0 helmet of see invisible.
  2451 | D:3      | 2451 ||| UPGRADING to ring "Idych" {rN+ Dex+4 Stlth+}.
  2452 | D:3      | 2452 ||| READING scroll labelled MOURAR KACAOFF.
  2453 | D:3      | 2453 ||| READING scroll labelled WEHOIPT CUYSK.
  2478 | D:4      | Noticed Pikel
  2478 | D:4      | Noticed a lemure
  2478 | D:4      | Noticed a lemure
  2478 | D:4      | Noticed a lemure
  2482 | D:4      | Noticed a lemure
  2484 | D:4      | 2484 ||| STAIRDANCE
  2489 | D:3      | HP: 7/30 [Pikel/+2 whip of freezing (1)]
  2490 | D:3      | Frozen to death by an endoplasm

Levels and vault maps discovered:
D:1:      scummos_arrival_star, layout_loops_cross, minmay_cut_off
D:2:      layout_basic, shapermc_ecumenical_altar_mp_vishouse
D:3:      layout_loops_corners, grunt_ministairs_13
D:4:      layout_loops_ring, uniq_edmund, uniq_pikel, uniq_menkaure

Skill      XL: |  1  2  3  4 |
---------------+-------------+-----
Ranged Weapons | 3 4 |  4.7
Fighting       | 2 |  2.0
Armour         | 1 |  1.2
Dodging        | |  1.5
Spellcasting   | |  1.0
Hexes          | |  2.6

Action                     |  1- 3 |  4- 6 || total
---------------------------+-------+-------++-------
   Fire: Sling             |    96 |   104 ||   200
    Use: Scroll            |     4 |     7 ||    11
         Potion            |       |     2 ||     2
 Armour: Robe              |     3 |       ||     3
         Ring mail         |    14 |    43 ||    57
  Dodge: Dodged            |    26 |    49 ||    75

Table legend:
 A = Non-vault XP
 B = Vault XP
 C = Vault XP percentage of total XP
 D = Non-vault monster count
 E = Vault monster count
 F = Vault count percentage of total count
                 A         B        C        D         E       F
            +---------+---------+-------+---------+---------+-------
      Total |     189 |       5 |   2.6 |      60 |       4 |   6.2
            +---------+---------+-------+---------+---------+-------
        D:1 |      33 |       3 |   8.3 |      20 |       2 |   9.1
        D:2 |      82 |       0 |   0.0 |      26 |       0 |   0.0
        D:3 |      74 |       2 |   2.6 |      14 |       2 |  12.5
            +---------+---------+-------+---------+---------+-------
